 Dungeon Crawl Stone Soup version 0.26-a0-639-g72c4674329 (webtiles) character file.

Game seed: 14549559833638918231

130 DogServant the Bolt Thrower (level 5, -2/42 HPs)
             Began as a Formicid Hunter on Sept 19, 2020.
             Slain by an orc wizard
             ... wielding a +0 dagger
              (4 damage)
             ... on level 3 of the Dungeon.
             The game lasted 00:03:53 (3577 turns).

DogServant the Bolt Thrower (Formicid Hunter)       Turns: 3577, Time: 00:03:54

Health: -2/42      AC:  3    Str: 18    XL:     5   Next: 36%
Magic:  5/5        EV: 12    Int: 10    God:
Gold:   85         SH:  0    Dex: 11    Spells: 4/4 levels left

rFire    . . .     SeeInvis +   a - +1 hand crossbow
rCold    . . .     Faith    .   (no shield)
rNeg     . . .     Spirit   .   c - +0 leather armour
rPois    .         Reflect  .   (helmet unavailable)
rElec    .         Harm     .   (no cloak)
rCorr    .         Rampage  .   (no gloves)
MR       .....                  (no boots)
Stlth    +.........             (no amulet)
HPRegen  0.14/turn              (no ring)
MPRegen  0.09/turn              (no ring)

@: no status effects
A: permanent stasis, dig shafts and tunnels, four strong arms, antennae 3
a: Dig, Shaft Self


You were on level 3 of the Dungeon.
You visited 1 branch of the dungeon, and saw 3 of its levels.

You collected 85 gold pieces.

Inventory:

Hand Weapons
 a - a +1 hand crossbow (weapon)
 b - a +0 short sword
Missiles
 d - 14 bolts (quivered)
Armour
 c - a +0 leather armour (worn)
Jewellery
 i - an uncursed amulet of guardian spirit {unknown}
Scrolls
 e - a scroll of noise {unknown}
 f - a scroll of remove curse {unknown}
 g - 2 scrolls of identify {unknown}
 j - a scroll of random uselessness {unknown}
 l - a scroll of teleportation {unknown}
 m - a scroll of enchant armour {unknown}
Potions
 h - 2 potions of degeneration {unknown}
 k - a potion of berserk rage {unknown}


   Skills:
 + Level 3.7 Fighting
 - Level 0.2 Short Blades
 + Level 5.3 Crossbows
 - Level 0.7 Armour
 - Level 2.0 Dodging
 - Level 1.2 Stealth


You had 4 spell levels left.
You didn't know any spells.
Your spell library was empty.

Dungeon Overview and Level Annotations

Branches:
Dungeon (3/15)

Altars:
Kikubaaqudgha
Okawaru


Innate Abilities, Weirdness & Mutations

You cannot be hasted, slowed, berserked, paralysed or teleported.
You can dig through walls and to a lower floor.
Your four strong arms can wield two-handed weapons with a shield.
You have a pair of large antennae on your head. (SInv)


Message History

The orc wizard gestures at you while chanting.
The puff of flame hits you!
* * * LOW HITPOINT WARNING * * *
The orc wizard points at you and mumbles some strange words.
The magic dart hits you.
* * * LOW HITPOINT WARNING * * *
Firing (i - inventory)
d - 16 bolts (quivered)
Press: ? - help, Shift-Dir - straight line, f - orc wizard
Aim: an orc wizard, wielding a +0 dagger and wearing a cursed -2 robe (fast, slightly transparent)
You shoot a bolt. The bolt barely misses the orc wizard.
The orc wizard hits you but does no damage.
The orc hits you from afar with a +0 trident.
* * * LOW HITPOINT WARNING * * *
Firing (i - inventory)
d - 15 bolts (quivered)
Press: ? - help, Shift-Dir - straight line, f/p - orc wizard
Aim: an orc wizard, wielding a +0 dagger and wearing a cursed -2 robe (fast, slightly transparent)
You shoot a bolt. The bolt closely misses the orc wizard.
The orc wizard barely misses you. The orc completely misses you.
The orc wizard hits you with a +0 dagger.
You die...

.. ### ##. ..
#.###..#.#
#........ ##
........## .##
#<.# .. # #.##.##
.# .#
#...).#######.#..#
#..#....@ooo.....#
#..#.######.?....#
#(. #.. #..##...#
#.. #.. >...!# .##
#. #........# oo
#. #........# ##
#........#
.....!..#
........#


You could see an orc wizard (fast, invisible) and 2 orcs.

Vanquished Creatures
  Crazy Yiuf (D:2)
  A hound skeleton (D:2)
  3 adders
  An ooze (D:1)
  A worm (D:2)
  A dart slug (D:1)
  2 orcs (D:3)
  8 bats
  2 giant cockroaches
  6 hobgoblins
  7 jackals
  3 frilled lizards (D:2)
  5 goblins
  4 kobolds
  4 rats
49 creatures vanquished.

Vanquished Creatures (others)
  A human (D:2)
1 creature vanquished.

Grand Total: 50 creatures vanquished

Notes
Turn   | Place    | Note
-------+----------+-------------------------------------------
     0 | D:1      | DogServant the Formicid Hunter began the quest for the Orb.
     0 | D:1      | Reached XP level 1. HP: 16/16 MP: 1/1
   189 | D:1      | Reached XP level 2. HP: 20/22 MP: 2/2
   486 | D:1      | Reached XP level 3. HP: 27/27 MP: 3/3
  1495 | D:2      | Found an ancient bone altar of Kikubaaqudgha.
  1497 | D:2      | Noticed a human
  1497 | D:2      | Killed a human
  2010 | D:2      | Reached XP level 4. HP: 7/34 MP: 4/4
  2438 | D:2      | Found a runed translucent door.
  2439 | D:2      | Noticed Crazy Yiuf
  2598 | D:2      | Found an iron altar of Okawaru.
  2828 | D:2      | Reached skill level 5 in Crossbows
  3255 | D:2      | Killed Crazy Yiuf
  3255 | D:2      | Reached XP level 5. HP: 27/41 MP: 5/5
  3576 | D:3      | HP: 2/42 [orc/+0 trident (2)]
  3577 | D:3      | Slain by an orc wizard

Illustrated notes

Levels and vault maps discovered:
D:1:      wheals_arrival_shading, layout_loops_corners
D:2:      layout_loops_ring, nicolae_overflow_crystal_walls, tgw_kikubaaqudgha,
          uniq_crazy_yiuf_cottage
D:3:      minmay_recursive_quarters, layout_rooms, minitemple

Skill      XL: |  1  2  3  4 |
---------------+-------------+-----
Dodging        | 2 |  2.0
Fighting       | 3 |  3.7
Crossbows      | 5 |  5.3
Short Blades   | |  0.2
Armour         | |  0.7
Stealth        | |  1.2

Action                   |  1- 3 |  4- 6 || total
-------------------------+-------+-------++-------
Melee: Short sword       |   124 |    63 ||   187
 Fire: Hand crossbow     |    17 |     6 ||    23
 Stab: Sleeping          |     1 |     2 ||     3
Armor: Leather armour    |    41 |    18 ||    59
Dodge: Dodged            |    84 |    47 ||   131

Table legend: (Time is in decaauts)
 A = Elapsed time spent in this place.
 B = Non-inter-level travel time spent in this place.
 C = Inter-level travel time spent in this place.
 D = Time resting spent in this place.
 E = Time spent auto-exploring this place.
 F = Levels seen in this place.
 G = Mean time per level.
                   A        B        C        D        E       F      G
               +--------+--------+--------+--------+--------+-----+--------+
         Total |   3596 |   3542 |     54 |   1391 |   1742 |   3 | 1198.7 |
       Dungeon |   3596 |   3542 |     54 |   1391 |   1742 |   3 | 1198.7 |
               +--------+--------+--------+--------+--------+-----+--------+

Top non-repeatable levels by time:
     D:2: 2019 daAuts
     D:1: 1500 daAuts
     D:3: 76 daAuts
